 Dungeon Crawl Stone Soup version 0.29.1-13-g9f3cf754e1 (webtiles) character file.

Game seed: 11239681543088527418

1715 theswoord the Frost Mage (level 9, -7/96 (114) HPs)
             Began as a Naga Ice Elementalist on Feb 2, 2023.
             Was a Follower of Cheibriados.
             Mangled by a wight
             ... wielding a +2 long sword of freezing
              (8 damage)
             ... on level 6 of the Dungeon.
             The game lasted 00:17:06 (8398 turns).

theswoord the Frost Mage (Naga Ice Elementalist)    Turns: 8398, Time: 00:17:07

HP:   -7/96 (114)   AC: 32    Str: 12 (13) XL:     9   Next: 4%
MP:   9/19          EV:  1    Int: 22 (23) God:    Cheibriados [*.....]
Gold: 330           SH:  0    Dex: 13 (15) Spells: 10/21 levels left

rFire   . . .      SeeInvis +   q - +1 whip (venom)
rCold   . . .      Faith    .   (no shield)
rNeg    . . .      Spirit   .   (body armour currently unavailable)
rPois   +          Reflect  .   (helmet currently unavailable)
rElec   .          Harm     .   (cloak currently unavailable)
rCorr   .          Rampage  .   (gloves currently unavailable)
Will    +....      NoTele   +   (no barding)
Stlth   ++........              (no amulet)
HPRegen 0.26/turn               (no ring)
MPRegen 0.16/turn               (no ring)

@: ice-armoured, tree-form, freezing walls, heavily drained, very slow
A: stationary, stasis, torment immunity, boosted hp, AC +3, large, see
invisible, (deformed body), (poison resistance), (slowness 2), spit poison 1,
(naga tail 1)
a: Spit Poison, Renounce Religion, Bend Time


You were on level 6 of the Dungeon.
You worshipped Cheibriados.
Cheibriados was aware of your devotion.
You were a tree.
You visited 2 branches of the dungeon, and saw 7 of its levels.

You collected 330 gold pieces.

Inventory:

Hand Weapons
 e - a +0 short sword
 g - a +0 whip
 h - a +0 short sword of speed
 n - a +0 scythe
 q - a +1 whip of venom (weapon)
Armour
 a - a +1 robe (melded)
 p - a +0 hat (melded)
 r - a +0 cloak
Jewellery
 j - an amulet of guardian spirit
Wands
 m - a wand of roots (7)
Scrolls
 c - 2 scrolls of poison
 d - a scroll of teleportation
 f - a scroll of enchant armour
Potions
 b - a potion of magic
 k - 2 potions of curing
 o - a potion of resistance
 s - a potion of brilliance


   Skills:
 + Level 3.2 Fighting
 - Level 1.5 Dodging
 - Level 3.0 Stealth
 + Level 6.8 Spellcasting
 + Level 3.2 Conjurations
 + Level 8.2 Ice Magic


You had 10 spell levels left.
You knew the following spells:

 Your Spells              Type           Power      Damage    Failure   Level
a - Freeze                Ice            100%       1d11      1%          1
b - Frozen Ramparts       Ice            86%        1d13      1%          3
c - Ozocubu's Armour      Ice            43%        N/A       1%          3
d - Hailstorm             Conj/Ice       32%        3d8       8%          4

Your spell library contained the following spells:

 Spells                   Type           Power      Damage    Failure   Level
 Ensorcelled Hibernation  Hex/Ice        50%        N/A       2%          2
 Ice Form                 Ice/Tmut       25%        N/A       16%         4
 Spider Form              Tmut/Pois      7%         N/A       26%         3
 Anguish                  Hex/Necr       3%         N/A       63%         4
 Simulacrum               Ice/Necr       12%        N/A       94%         6


Dungeon Overview and Level Annotations

Branches:
Dungeon (6/15)             Temple (1/1) D:5

Altars:
Ashenzari
Cheibriados
Kikubaaqudgha
Nemelex Xobeh
Wu Jian
Xom
Yredelemnul

Shops:
D:1 =*   D:2 ([(?   D:3 =


Innate Abilities, Weirdness & Mutations

You are a tree.
Your roots penetrate the ground, keeping you stationary.
You cannot be teleported.
You are immune to unholy pain and torment.
Your maximum health is greatly increased.
Your equipment is partially melded.
((Your serpentine skin is tough. (AC +3)))
You have supernaturally acute eyesight. (SInv)
((Armour fits poorly on your strangely shaped body.))
((Your system is resistant to poisons. (rPois)))
((You cover ground very slowly.))
You can spit poison.
((You have a snake-like lower body.))


Message History

Casting: Frozen Ramparts (safe; 1% risk of failure)
Press: ? - help, Dir - look around, f - activate The walls around you are covered in ice.
The wight resists.
The wall freezes the wight.
The wight completely resists.
The wall freezes the wight but does no damage.
The wight hits you with a +3 battleaxe!
* * * LOW HITPOINT WARNING * * *
The wight resists.
The wall freezes the wight.
You hit the wight but do no damage.
The wight is severely damaged.
The wall freezes the wight but does no damage. x2
The wight hits you but does no damage.
The wight resists.
The wall freezes the wight.
The wight hits you but does no damage.
You closely miss the wight.
The wight is severely damaged.
The wight resists.
The wall freezes the wight.
The wight hits you with a +4 long sword!
* * * LOW HITPOINT WARNING * * *
The wight resists.
The wall freezes the wight.
The wight hits you with a +3 battleaxe!
* * * LOW HITPOINT WARNING * * *
You feel drained.
* * * LOW HITPOINT WARNING * * *
The wight resists.
The wall freezes the wight.
The wight hits you with a +2 long sword of freezing.
* * * LOW HITPOINT WARNING * * *
You feel drained.
* * * LOW HITPOINT WARNING * * *
The wight freezes you.
* * * LOW HITPOINT WARNING * * *
The orc shouts!
You hit the wight but do no damage.
The wight is almost destroyed.
The wall freezes the wight but does no damage.
The wight completely misses you.
The wight completely resists.
The wall freezes the wight but does no damage.
The wight completely misses you.
The wall freezes the orc warrior!
The wall freezes the wight but does no damage.
The wight hits you with a +2 long sword of freezing!
You die...

...# #.. #... .. ...##
##...##..# ..##...#
.#.......# ......#
...#......# #.
...##...#.#####. .
#.##....#...#..##.. ....
#..................
.....##z#.....#.#......#
....)oz♣.#.....##.#..###
....###z..##.....#..#...
. .####...##...........
.........##..........
#.........#########.#
#.........##.##.####.
#.......#...........#
##...<..####.....####
#............#......


You could see an orc warrior and 3 wights.

Vanquished Creatures
  Grinder (D:4)
  Sigmund (D:4)
  A water moccasin (D:5)
  A black bear (D:6)
  2 sky beasts
  Pargi (D:4)
  A necrophage (D:5)
  A gnoll sergeant (D:5)
  A scorpion (D:4)
  2 wights (D:6)
  4 hounds
  3 orc priests
  4 iguanas
  An orc wizard (D:6)
  9 gnolls
  4 adders
  A shadow imp (D:5)
  4 white imps (D:6)
  An ufetubus (D:4)
  2 worms (D:3)
  A dart slug (D:5)
  15 orcs
  5 ball pythons
  4 endoplasms
  4 giant cockroaches
  9 hobgoblins
  4 jackals (D:1)
  10 kobolds
  5 quokkas
  5 bats
  3 frilled lizards
  7 goblins
  6 rats
123 creatures vanquished.

Vanquished Creatures (others)
  18 plants (D:2)
18 creatures vanquished.

Grand Total: 141 creatures vanquished

Notes
Turn   | Place    | Note
-------+----------+-------------------------------------------
     0 | D:1      | theswoord the Naga Ice Elementalist began the quest for the
                  | Orb.
     0 | D:1      | Reached XP level 1. HP: 15/15 MP: 3/3
   160 | D:1      | Found Vacriveu's General Store.
   382 | D:1      | Reached XP level 2. HP: 10/22 MP: 0/5
   711 | D:1      | Found Wuthyogg's Jewellery Shop.
  1726 | D:1      | Reached XP level 3. HP: 16/28 MP: 4/6
  2005 | D:2      | Found Alyomek's Magic Scroll Shoppe.
  2043 | D:2      | Found a faded altar of an unknown god.
  2179 | D:2      | Found Ompeamat's Antique Weapon Shop.
  2357 | D:2      | Found Immoxeo's Antique Weapon Shop.
  2414 | D:2      | Reached XP level 4. HP: 15/36 MP: 3/8
  2418 | D:2      | Learned a level 3 spell: Frozen Ramparts
  2422 | D:2      | Learned a level 3 spell: Ozocubu's Armour
  2827 | D:2      | Found Asiemmist's Antique Armour Emporium.
  3211 | D:3      | Reached skill level 5 in Ice Magic
  3214 | D:3      | Reached XP level 5. HP: 35/42 MP: 2/10
  4150 | D:3      | Found Digiragi's Jewellery Boutique.
  4604 | D:4      | Noticed Sigmund
  4724 | D:4      | Killed Sigmund
  4725 | D:4      | Reached skill level 6 in Ice Magic
  4725 | D:4      | Reached XP level 6. HP: 17/49 MP: 3/13
  5080 | D:4      | Noticed Grinder
  5083 | D:4      | Paralysed by Grinder for 2 turns
  5089 | D:4      | Paralysed by Grinder for 3 turns
  5094 | D:4      | Reached XP level 7. HP: 50/55 MP: 5/14
  5105 | D:4      | Paralysed by Grinder for 3 turns
  5142 | D:4      | Paralysed by Grinder for 4 turns
  5162 | D:4      | Killed Grinder
  5163 | D:4      | Reached skill level 5 in Spellcasting
  5428 | D:4      | Reached skill level 7 in Ice Magic
  5956 | D:4      | Noticed Pargi
  5966 | D:4      | Killed Pargi
  5967 | D:4      | Reached XP level 8. HP: 53/62 MP: 11/16
  6185 | D:5      | Entered Level 5 of the Dungeon
  6207 | D:5      | Found a staircase to the Ecumenical Temple.
  6242 | Temple   | Entered the Ecumenical Temple
  6349 | Temple   | Became a worshipper of Cheibriados the Contemplative
  6427 | D:5      | Learned a level 4 spell: Hailstorm
  6776 | D:5      | Reached skill level 1 in Fighting
  6776 | D:5      | Reached skill level 1 in Conjurations
  7356 | D:5      | Reached * piety under Cheibriados
  7956 | D:6      | Reached skill level 8 in Ice Magic
  8390 | D:6      | Reached XP level 9. HP: 47/70 MP: 11/19
  8397 | D:6      | HP: 4/97 [wight/+2 long sword of freezing (3)]
  8397 | D:6      | HP: 1/96 [wight/+2 long sword of freezing (2)]
  8398 | D:6      | Mangled by a wight

Skill      XL: |  1  2  3  4  5  6  7  8 |
---------------+-------------------------+-----
Spellcasting   | 3 4 5 6 |  6.8
Ice Magic      | 5 6 7 8 |  8.2
Fighting       | 3 |  3.2
Conjurations   | 3 |  3.2
Dodging        | |  1.5
Stealth        | |  3.0

Action                   |  1- 3 |  4- 6 |  7- 9 || total
-------------------------+-------+-------+-------++-------
Melee: Short sword       |    65 |   111 |    90 ||   266
       Unarmed           |     2 |       |       ||     2
       Whip              |     2 |       |   122 ||   124
       Punch             |       |     1 |     2 ||     3
 Cast: Freeze            |    34 |    21 |    11 ||    66
       Frozen Ramparts   |       |    15 |    15 ||    30
       Ozocubu's Armour  |       |     8 |     4 ||    12
       Hailstorm         |       |       |     1 ||     1
 Abil: Spit Poison       |     3 |     2 |     4 ||     9
  Use: Scroll            |     3 |     5 |     5 ||    13
       Potion            |       |     1 |    11 ||    12
 Stab: Sleeping          |     2 |     5 |     2 ||     9
Armor: Robe              |    17 |    43 |    49 ||   109
       Skin              |       |       |    33 ||    33
Dodge: Dodged            |    66 |    71 |    88 ||   225

Levels and vault maps discovered:
D:1:      minmay_arrival_solitary_statue, layout_loops_ring, serial_shops,
          nicolae_square_shop, shop, serial_forest,
          infiniplex_forest_lined_4_way, infiniplex_forest_clump_C,
          infiniplex_forest_clump_C, infiniplex_forest_straight_3,
          infiniplex_forest_corner_1, infiniplex_forest_clump_diagonal
D:2:      layout_loops_ring, chequers_ecumenical_altar_island, serial_shops,
          nicolae_shop_hallway_stairs, shop, shop, nicolae_shop_hallway_plus,
          nicolae_grassy_gnolls
D:3:      cheibrodos_greedy_goblins, layout_basic, serial_shops,
          nicolae_lakefront_shop
D:4:      layout_cave_pools, uniq_pargi, uniq_sigmund, uniq_grinder
D:5:      layout_cave_pools, minmay_temple_entry_tees
D:6:      hellmonk_ruined_rings, layout_basic, grunt_temple_overflow_bloody_war,
          nicolae_overflow_squiral
Temple:   minmay_temple_curvy_branch
